 Dungeon Crawl Stone Soup version 0.29.1-1-gd02db6906a (webtiles) character file.

Game seed: 4344219142813329939

4 dave1331 the Ruffian (level 1, 0/17 HPs)
             Began as a Ghoul Gladiator on Oct 2, 2022.
             Slain by a quokka (1 damage)
             ... on level 1 of the Dungeon.
             The game lasted 00:00:16 (105 turns).

dave1331 the Ruffian (Ghoul Gladiator)               Turns: 105, Time: 00:00:17

Health: 0/17       AC:  4    Str: 17    XL:     1   Next: 60%
Magic:  0/0        EV: 12    Int:  3    God:
Gold:   0          SH:  0    Dex: 10    Spells: 0/0 levels left

rFire   . . .      SeeInvis .     - Unarmed
rCold   + . .      Faith    .   (no shield)
rNeg    + + +      Spirit   .   a - +0 leather armour
rPois   ∞          Reflect  .   b - +0 helmet
rElec   .          Harm     .   (no cloak)
rCorr   .          Rampage  .   (no gloves)
Will    .....                   (no boots)
Stlth   +.........              (no amulet)
HPRegen 0.00/turn               (no ring)
MPRegen 0.07/turn               (no ring)

@: inhibited regen
A: claws 1, cold resistance 1, negative energy resistance 3, inhibited
regeneration, torment resistance 2, devour on kill
a: no special abilities


You were on level 1 of the Dungeon.
You visited 1 branch of the dungeon, and saw 1 of its levels.

Inventory:

Missiles
 c - 3 throwing nets (quivered)
 d - a javelin
Armour
 a - a +0 leather armour (worn)
 b - a +0 helmet (worn)
Scrolls
 f - a scroll of teleportation {unknown}
Potions
 e - a potion of magic {unknown}


   Skills:
 + Level 2.2 Fighting
 + Level 1.7 Throwing
 + Level 2.8 Dodging
 + Level 3.3 Unarmed Combat


You couldn't memorise any spells.
You didn't know any spells.
Your spell library was empty.

Dungeon Overview and Level Annotations

Branches:
Dungeon (1/15)

Altars:


Innate Abilities, Weirdness & Mutations

You are immune to poison.
You have sharp fingernails.
Your flesh is cold resistant. (rC+)
You are immune to negative energy. (rN+++)
You do not regenerate when monsters are visible.
You are immune to unholy pain and torment.
You thrive by killing the living.


Message History

You barely miss the hobgoblin.
The hobgoblin is moderately wounded.
The hobgoblin closely misses you. The quokka misses you.
You scratch the hobgoblin.
You kill the hobgoblin!
You feel better. The quokka bites you. The quokka barely misses you.
The quokka closely misses you. The hobgoblin barely misses you.
The quokka barely misses you. The hobgoblin hits you.
The quokka bites you but does no damage.
The quokka bites you.
You closely miss the hobgoblin. The quokka bites you.
The hobgoblin closely misses you.
You closely miss the hobgoblin. The quokka bites you.
* * * LOW HITPOINT WARNING * * *
The hobgoblin barely misses you.
You scratch the hobgoblin.
The hobgoblin is moderately wounded.
The quokka closely misses you. The hobgoblin barely misses you.
You scratch the hobgoblin.
The hobgoblin is almost dead.
The quokka bites you.
* * * LOW HITPOINT WARNING * * *
The hobgoblin barely misses you.
You scratch the hobgoblin.
You kill the hobgoblin!
You feel better. The quokka barely misses you.
The quokka bites you but does no damage.
The quokka closely misses you.
You see here a hobgoblin corpse.
The quokka barely misses you. The quokka closely misses you.
You see here a hobgoblin corpse.
You closely miss the quokka.
The quokka bites you but does no damage.
You closely miss the quokka. The quokka bites you.
* * * LOW HITPOINT WARNING * * *
The quokka closely misses you.
You closely miss the quokka. The quokka bites you.
You die...

########### #.........#
#.........# #####
#.........# ....#
#.........# ....#
#.........# ....#
#.........# ....#
###.........### ....#
###.....r@.......
....####.............###
...................(...#
....#####..##########..#
.......##.## ##
######....##
##.#..###### #.##......#
#.#######.#


You could see a quokka.

Vanquished Creatures
  3 hobgoblins (D:1)
3 creatures vanquished.

Notes
Turn   | Place    | Note
-------+----------+-------------------------------------------
     0 | D:1      | dave1331 the Ghoul Gladiator began the quest for the Orb.
     0 | D:1      | Reached XP level 1. HP: 17/17 MP: 0/0
   105 | D:1      | Slain by a quokka

Illustrated notes

Levels and vault maps discovered:
D:1:      nicolae_arrival_washed_ashore, layout_rooms,
          hellmonk_ecumenical_altar_pennies_from_heaven

Action                   || total
-------------------------++-------
Melee: Unarmed           ||    16
Armor: Leather armour    ||     5
Dodge: Dodged            ||    21
